Map: [ESL] Radhuset Station

Players

Cure

  • Race: Terran Terran
  • Spawn Location: 1:00

ByuN - Winner!

  • Race: Terran Terran
  • Spawn Location: 7:00

Event: ESL SC2 Masters 2023 Winter (Finals)

VOD

Have the link to the VOD?

Description

Time

  • Played on: Dec. 16, 2023, 4:09 p.m.
  • Length: 19:33

All games in this series

Show
View Real Time Build Order
Export as new Build Order

Cure Terran 

Build Orders: Reaper Expand 

Get SALT Encoding   

  12  0:00  SCV  
  13  0:12  SCV  
  14  0:17  Supply Depot  
  14  0:24  SCV  
  15  0:38  SCV  
  15  0:39  Barracks  
  16  0:44  Refinery  
  16  0:50  SCV  
  17  1:02  SCV  
  18  1:15  SCV  
  19  1:27  Orbital Command  
  19  1:28  Reaper  
  20  1:43  Command Center  
  20  1:53  SCV  
  21  1:55  Supply Depot  
  21  2:00  Reaper  
  22  2:05  SCV  
  23  2:17  SCV  
  24  2:28  Factory  
  24  2:29  SCV  
  25  2:41  Command Center  
  25  2:42  Barracks Reactor, SCV  
  26  2:47  Refinery  
  26  2:55  Orbital Command  
  26  2:57  SCV  
  27  3:09  SCV  
  28  3:15  Starport  
  28  3:21  Hellion x2  
  28  3:22  SCV  
  28  3:23  SCV  
  34  3:27  Barracks Tech Lab  
  34  3:31  Refinery  
  34  3:34  SCV  
  34  3:35  SCV  
  36  3:43  Hellion x2  
  36  3:47  SCV  
  36  3:48  SCV  
  42  3:52  Orbital Command  
  42  3:57  Viking  
  42  4:00  SCV x2  
  42  4:02  Orbital Command  
  46  4:07  Cyclone  
  48  4:10  Cyclone  
  48  4:13  SCV  
  48  4:14  SCV  
  48  4:16  Interference Matrix  
  52  4:24  Supply Depot  
  52  4:25  SCV  
  52  4:26  SCV  
  52  4:28  SCV  
  52  4:30  Raven  
  56  4:39  Cyclone  
  56  4:42  Cyclone  
  56  4:43  SCV x2  
  60  4:52  SCV  
  61  4:55  SCV x2  
  63  5:00  Refinery  
  63  5:03  Supply Depot  
  63  5:04  SCV  
  63  5:06  Raven  
  66  5:07  SCV  
  66  5:08  SCV  
  68  5:15  Barracks  
  68  5:16  Barracks, SCV  
  68  5:17  Supply Depot  
  69  5:25  Cyclone x2, SCV x2  
  75  5:29  SCV  
  75  5:34  Barracks Tech Lab  
  76  5:37  SCV  
  76  5:38  Supply Depot  
  76  5:39  SCV  
  76  5:40  Raven  
  76  5:41  SCV, Supply Depot  
  81  5:49  SCV  
  82  5:51  SCV  
  84  5:57  SCV  
  84  6:01  SCV  
  84  6:03  Factory, Command Center, SCV  
  86  6:06  Cyclone x2  
  86  6:09  Factory, SCV  
  91  6:12  Refinery  
  91  6:13  SCV  
  91  6:15  SCV, Refinery  
  95  6:24  SCV  
  94  6:25  Barracks Reactor, SCV  
  94  6:27  SCV  
  94  6:28  Factory  
  94  6:30  Factory  
  96  6:36  SCV  
  96  6:37  SCV  
  96  6:38  Supply Depot  
  96  6:39  Supply Depot  
  101  6:40  Cyclone, SCV  
  101  6:42  Supply Depot  
  101  6:52  Armory  
  101  6:54  Armory  
  101  6:55  Supply Depot  
  101  6:57  Hurricane Engines  
  101  6:59  Cyclone, SCV x3  
  106  7:04  Supply Depot  
  106  7:07  Cyclone  
  110  7:08  Cyclone x2  
  110  7:09  Supply Depot  
  110  7:13  SCV x3  
  115  7:19  Factory Reactor  
  115  7:21  Factory Tech Lab  
  115  7:22  Cyclone  
  117  7:24  Supply Depot  
  117  7:25  SCV x2  
  117  7:26  Orbital Command  
  117  7:27  Supply Depot  
  119  7:31  Cyclone  
  119  7:36  SCV  
  120  7:37  SCV x2  
  120  7:40  Cyclone  
  120  7:41  Cyclone  
  120  7:42  Cyclone  
  128  7:44  Terran Vehicle Weapons Level 1, Terran Vehicle And Ship Armor Level 1  
  128  7:50  Cyclone  
  130  7:51  SCV x2  
  130  7:54  Cyclone  
  130  7:56  Cyclone x2  
  138  7:59  SCV x2  
  138  8:03  Cyclone, SCV  
  143  8:10  SCV  
  143  8:11  SCV  
  143  8:12  Cyclone, SCV  
  147  8:14  Cyclone x2  
  147  8:19  Refinery  
  151  8:20  Refinery  
  151  8:21  Supply Depot  
  151  8:22  Cyclone  
  151  8:24  SCV x3  
  151  8:26  Cyclone  
  158  8:28  Cyclone x2  
  160  8:36  Raven, Cyclone  
  160  8:37  SCV  
  160  8:38  SCV x2  
  160  8:40  Supply Depot  
  160  8:41  Engineering Bay  
  165  8:44  Cyclone, SCV  
  165  8:46  Cyclone x2  
  172  8:49  Supply Depot  
  172  8:50  SCV x2  
  172  8:54  Cyclone  
  176  8:59  Cyclone  
  176  9:00  Cyclone x2  
  173  9:07  SCV x3  
  173  9:08  Cyclone, SCV  
  171  9:16  Cyclone  
  173  9:18  Cyclone x2  
  173  9:19  SCV  
  152  9:26  Cyclone  
  152  9:31  Cyclone  
  152  9:32  Cyclone x2  
  160  9:43  Cyclone, Missile Turret, Terran Vehicle Weapons Level 2  
  160  9:44  Terran Vehicle And Ship Armor Level 2  
  158  9:46  Missile Turret  
  158  9:48  Cyclone  
  158  9:51  Missile Turret  
  160  9:54  Cyclone, Missile Turret  
  160  9:55  Cyclone  
  160  9:56  Raven  
  160  9:58  Cyclone  
  168  10:05  Command Center  
  168  10:09  Cyclone  
  168  10:10  Cyclone x2  
  174  10:15  Cyclone  
  174  10:20  Cyclone  
  171  10:25  Command Center  
  171  10:26  Cyclone  
  171  10:27  Cyclone  
  169  10:30  Cyclone  
  138  10:42  Cyclone x3  
  142  10:46  SCV x4  
  142  10:47  Cyclone  
  142  10:49  Factory  
  148  10:52  Cyclone  
  148  10:53  Starport Reactor  
  150  10:58  Cyclone, SCV  
  150  11:00  Siege Tank  
  150  11:01  Missile Turret  
  150  11:03  Siege Tank  
  150  11:04  Command Center x2  
  158  11:14  Cyclone x3  
  163  11:19  Cyclone  
  163  11:24  Cyclone  
  165  11:30  Cyclone  
  165  11:32  Siege Tank  
  166  11:33  Siege Tank  
  166  11:35  Siege Tank  
  172  11:46  Cyclone x3  
  150  11:47  SCV x2  
  150  11:48  SCV x2  
  150  11:51  Cyclone  
  130  11:56  Cyclone  
  130  11:59  SCV x2  
  130  12:00  SCV x2  
  136  12:02  Cyclone  
  136  12:04  Siege Tank  
  136  12:05  Cyclone  
  136  12:07  Cyclone  
  141  12:11  SCV  
  141  12:12  SCV x3  
  141  12:13  Refinery  
  141  12:14  Viking x2  
  149  12:18  Cyclone x2  
  149  12:20  Cyclone  
  151  12:23  Hellion  
  151  12:24  SCV x3  
  151  12:29  Hellion  
  158  12:36  Siege Tank  
  161  12:37  Siege Tank  
  161  12:39  Siege Tank  
  161  12:43  Viking  
  161  12:44  Viking  
  171  12:46  SCV x4  
  171  12:48  Cyclone x2  
  171  12:50  Cyclone  
  181  13:04  Cyclone  
  173  13:05  Orbital Command  
  173  13:06  SCV x2  
  173  13:08  Siege Tank, SCV  
  173  13:09  Siege Tank  
  173  13:10  Refinery  
  173  13:11  Siege Tank  
  185  13:13  Terran Vehicle And Ship Armor Level 3  
  185  13:21  Refinery  
  185  13:25  Cyclone  
  187  13:30  Cyclone x3  
  187  13:32  Viking x2  
  195  13:35  Command Center  
  195  13:43  Command Center  
  195  13:47  Command Center  
  195  13:49  Command Center, Missile Turret  
  195  13:50  Starport  
  195  13:51  Starport  
  195  13:52  Starport  
  194  13:56  Terran Vehicle Weapons Level 3  
  194  14:02  Cyclone x3  
  180  14:11  Cyclone x2  
  180  14:12  Cyclone  
  180  14:14  Viking x2  
  180  14:15  Siege Tank  
  187  14:24  Cyclone x2  
  170  14:34  Cyclone  
  168  14:43  SCV x4  
  149  14:46  Cyclone x3  
  149  14:47  Siege Tank, Cyclone  
  149  14:51  Viking x2  
  143  14:55  Cyclone  
  143  14:56  Siege Tank x2  
  143  14:58  SCV x4  
  154  15:00  Orbital Command  
  154  15:10  SCV  
  154  15:13  Liberator  
  158  15:18  Viking  
  158  15:19  Siege Tank  
  158  15:20  SCV x3  
  166  15:22  SCV  
  166  15:28  Siege Tank  
  168  15:29  Hellion  
  168  15:30  Cyclone x4  
  168  15:32  SCV  
  168  15:35  SCV x3  
  182  15:42  Orbital Command  
  180  15:44  Viking  
  180  15:49  Siege Tank  
  173  15:51  Siege Tank  
  173  16:00  Siege Tank  
  173  16:03  Refinery  
  170  16:04  Refinery  
  170  16:09  Viking x2  
  174  16:11  Viking x2  
  174  16:13  Command Center  
  174  16:15  Viking  
  173  16:38  SCV x6  
  168  16:49  Starport Tech Lab x2  
  168  16:50  Starport Tech Lab, SCV x6  
  171  17:02  SCV  
  171  17:06  Viking x2  
  176  17:11  SCV x3  
  176  17:12  SCV  
  177  17:18  Raven x2  
  177  17:21  Raven  
  180  17:24  Siege Tank  
  180  17:26  Sensor Tower  
  177  17:36  Siege Tank  
  177  17:37  Cyclone x2  
  164  17:42  Orbital Command  
  162  17:49  Siege Tank  
  159  17:54  Raven x2  
  159  17:56  Siege Tank  
  162  18:08  Siege Tank, Cyclone x4  
  166  18:19  Cyclone  
  154  18:21  Siege Tank  
  147  18:28  Siege Tank  
  136  18:40  Siege Tank  
  119  18:44  SCV x6  
  122  18:53  Siege Tank  
  125  18:57  Cyclone  
  125  19:00  Siege Tank  
Show
View Real Time Build Order
Export as new Build Order

ByuN Terran - Winner!

Build Orders: Cyclone Opening, Reaper Expand 

Get SALT Encoding   

  12  0:00  SCV  
  13  0:12  SCV  
  14  0:17  Supply Depot  
  14  0:24  SCV  
  15  0:38  SCV  
  15  0:39  Barracks  
  16  0:44  Refinery  
  16  0:51  SCV  
  17  1:03  SCV  
  18  1:15  SCV  
  19  1:26  Reaper  
  19  1:27  Orbital Command  
  20  1:41  Command Center  
  20  1:50  Supply Depot  
  20  1:52  SCV  
  21  1:58  Marine  
  22  2:04  SCV  
  23  2:08  Factory  
  23  2:16  SCV  
  23  2:17  Marine  
  23  2:19  Refinery  
  25  2:28  SCV  
  26  2:35  Marine  
  27  2:40  SCV  
  28  2:52  Cyclone  
  28  2:54  Orbital Command, Starport  
  28  2:56  SCV  
  31  2:59  Refinery  
  31  3:00  Barracks Reactor  
  31  3:08  SCV  
  32  3:21  SCV x2  
  32  3:24  Cyclone  
  36  3:32  Supply Depot, Medivac  
  36  3:33  SCV x2  
  40  3:45  SCV x2  
  42  3:57  SCV x2  
  42  4:02  Liberator  
  47  4:03  Supply Depot  
  47  4:05  Cyclone x2  
  47  4:09  SCV x2  
  53  4:10  Supply Depot  
  53  4:21  SCV  
  54  4:24  SCV  
  55  4:32  Command Center  
  55  4:33  SCV  
  55  4:36  SCV  
  55  4:37  Cyclone  
  59  4:41  Cyclone  
  62  4:45  SCV  
  62  4:48  SCV  
  59  4:57  Liberator  
  61  5:03  SCV x2  
  62  5:07  Refinery  
  62  5:09  Cyclone  
  62  5:11  Barracks Tech Lab  
  62  5:13  Cyclone  
  66  5:15  SCV x2  
  66  5:16  Factory  
  66  5:19  Factory  
  68  5:27  SCV x2, Supply Depot  
  70  5:29  Supply Depot  
  70  5:40  Barracks Reactor  
  70  5:43  Cyclone, SCV x2  
  70  5:45  Cyclone  
  70  5:46  Starport Reactor  
  76  5:52  Armory  
  76  5:53  Armory  
  76  5:55  Orbital Command, SCV x2  
  78  6:07  SCV  
  78  6:08  SCV  
  82  6:11  Supply Depot  
  82  6:15  Cyclone  
  82  6:16  Hurricane Engines  
  82  6:19  SCV  
  82  6:20  SCV x2  
  85  6:27  Cyclone x4  
  85  6:31  SCV  
  85  6:32  SCV  
  95  6:33  SCV  
  96  6:41  Terran Vehicle Weapons Level 1, Terran Vehicle And Ship Armor Level 1, Supply Depot, Refinery  
  96  6:42  Refinery  
  96  6:44  SCV x2  
  96  6:45  SCV  
  99  6:48  Factory  
  101  6:56  SCV x2  
  101  6:57  SCV  
  101  6:59  Factory  
  104  7:03  Supply Depot  
  104  7:08  SCV x2  
  105  7:09  Supply Depot, SCV  
  105  7:14  Command Center  
  111  7:18  Cyclone x5  
  111  7:20  SCV  
  111  7:21  SCV  
  117  7:25  SCV  
  117  7:26  Supply Depot  
  117  7:28  Supply Depot  
  118  7:32  SCV  
  118  7:33  SCV  
  119  7:37  SCV  
  119  7:39  Factory Tech Lab  
  119  7:43  Factory Tech Lab  
  120  7:44  SCV  
  120  7:45  Supply Depot, SCV  
  120  7:50  Cyclone x5  
  131  8:00  Cyclone  
  131  8:03  Cyclone  
  135  8:06  SCV  
  135  8:07  SCV x2  
  135  8:09  Factory x2  
  135  8:11  Factory  
  137  8:20  Supply Depot  
  137  8:24  Cyclone x5  
  147  8:32  Cyclone  
  149  8:35  Cyclone  
  149  8:48  Orbital Command, Engineering Bay  
  149  8:56  Cyclone x5  
  149  8:58  Cyclone x3  
  159  9:04  Cyclone  
  159  9:07  Cyclone  
  123  9:27  SCV x2, Refinery  
  123  9:28  Cyclone x5  
  123  9:29  SCV x2  
  123  9:30  Cyclone x3  
  140  9:42  Cyclone  
  140  9:43  Cyclone  
  146  9:50  Command Center  
  144  9:52  Terran Vehicle Weapons Level 2  
  144  9:54  Terran Vehicle And Ship Armor Level 2  
  144  9:57  SCV x2  
  144  9:58  SCV x2  
  148  10:00  Cyclone x2  
  152  10:07  Cyclone  
  152  10:08  Cyclone x3  
  152  10:09  SCV  
  152  10:10  Cyclone  
  163  10:21  Cyclone x2  
  165  10:23  Cyclone  
  165  10:26  Refinery  
  165  10:27  Refinery  
  165  10:28  SCV x2  
  155  10:31  SCV  
  155  10:32  Cyclone x2, SCV  
  136  10:39  Cyclone  
  136  10:40  Cyclone x3, SCV x2  
  146  10:43  SCV  
  146  10:44  Cyclone, SCV  
  150  10:50  Command Center  
  150  10:52  Command Center  
  150  10:54  Liberator  
  150  10:56  Cyclone x3  
  159  11:03  SCV x2  
  161  11:04  Cyclone x2, SCV  
  161  11:05  SCV  
  167  11:11  Cyclone  
  167  11:15  Cyclone  
  167  11:17  Cyclone  
  173  11:25  Cyclone x2  
  177  11:29  Cyclone x2  
  181  11:36  Cyclone  
  181  11:39  Cyclone x2  
  187  11:43  Cyclone  
  167  11:47  Cyclone  
  167  11:49  Cyclone  
  141  11:57  Cyclone x2  
  141  12:01  Cyclone x2  
  147  12:08  Cyclone  
  141  12:11  Cyclone x2  
  139  12:16  Cyclone  
  139  12:19  Cyclone  
  139  12:22  Cyclone  
  139  12:25  Liberator  
  139  12:29  Cyclone x2  
  146  12:30  Liberator  
  146  12:33  Cyclone x2  
  153  12:40  Cyclone  
  153  12:43  Cyclone  
  153  12:44  Cyclone  
  159  12:45  SCV  
  159  12:46  Orbital Command, SCV x2  
  159  12:48  Cyclone  
  161  12:51  Cyclone  
  161  12:54  Cyclone  
  161  12:57  Refinery  
  161  12:58  Planetary Fortress, Refinery  
  165  13:01  Cyclone x2, Refinery  
  165  13:02  Refinery  
  165  13:05  Cyclone x2  
  161  13:12  Cyclone  
  163  13:15  Cyclone  
  163  13:16  Cyclone  
  167  13:20  Cyclone  
  167  13:23  Cyclone  
  167  13:26  Cyclone  
  173  13:32  Starport  
  173  13:33  Cyclone x2  
  173  13:34  Starport  
  177  13:37  Cyclone x2  
  181  13:44  Cyclone  
  181  13:48  Orbital Command, Cyclone x2  
  187  13:49  SCV x3  
  187  13:50  SCV  
  187  13:52  Cyclone  
  187  13:54  Command Center  
  193  13:55  Cyclone, Command Center  
  193  13:56  Command Center  
  193  13:58  Cyclone  
  180  14:05  Cyclone x2  
  180  14:06  Liberator  
  180  14:09  Siege Tank x2  
  193  14:16  Siege Tank  
  196  14:20  Cyclone x2  
  190  14:24  Cyclone  
  190  14:27  Cyclone  
  190  14:30  Cyclone  
  182  14:41  Siege Tank x2  
  182  14:42  Cyclone x2  
  174  14:48  Siege Tank  
  174  14:52  Cyclone x2  
  145  14:56  Cyclone  
  146  15:00  Cyclone  
  146  15:02  Cyclone  
  148  15:07  Viking, Terran Vehicle And Ship Armor Level 3, Terran Vehicle Weapons Level 3  
  148  15:09  Orbital Command  
  148  15:13  Siege Tank x2  
  156  15:14  Cyclone x2  
  156  15:21  Siege Tank  
  163  15:24  Cyclone x2  
  160  15:28  Cyclone  
  160  15:35  Orbital Command  
  162  15:43  Cyclone  
  162  15:45  Siege Tank x2  
  162  15:47  Cyclone x2  
  162  15:53  Siege Tank  
  162  15:55  Cyclone  
  162  15:56  Cyclone  
  164  15:59  Cyclone  
  164  16:00  Cyclone  
  159  16:06  SCV  
  158  16:15  Cyclone  
  158  16:17  Siege Tank  
  158  16:18  Siege Tank  
  162  16:19  Cyclone x2  
  162  16:24  Missile Turret  
  162  16:25  Siege Tank  
  167  16:27  Cyclone, Missile Turret  
  167  16:28  Cyclone  
  167  16:32  Cyclone x2  
  172  16:37  Missile Turret  
  169  16:47  Cyclone  
  169  16:50  Siege Tank x2  
  169  16:51  Cyclone x2  
  179  16:55  Missile Turret x2  
  179  16:56  Missile Turret  
  179  16:57  Siege Tank, Missile Turret  
  179  16:59  Cyclone  
  179  17:00  Cyclone  
  184  17:04  Cyclone  
  184  17:06  Missile Turret, SCV x5  
  184  17:07  Missile Turret  
  184  17:15  SCV  
  184  17:18  Cyclone  
  184  17:21  Cyclone  
  184  17:22  Siege Tank x2  
  195  17:23  Cyclone  
  195  17:24  Cyclone  
  195  17:29  Siege Tank  
  194  17:32  Cyclone x2  
  194  17:36  Cyclone  
  185  17:50  Cyclone  
  185  17:53  Thor, Cyclone  
  185  17:54  Thor  
  185  17:55  Cyclone  
  185  17:56  Cyclone  
  199  18:11  Starport Tech Lab  
  199  18:16  Cyclone  
  197  18:21  Cyclone  
  193  18:32  Siege Tank  
  181  18:35  Cyclone x2  
  181  18:37  Siege Tank x2  
  181  18:40  Cyclone x2  
  184  18:41  Cyclone  
  184  18:48  Cyclone  
  184  18:54  Cyclone  
  185  19:10  Command Center  
  185  19:12  Command Center  
Tags
 
Add a new tag
Caveats
  • Supply blocks, unpowered buildings, or Contaminate may cause inaccurate times.
  • Supply counts are checked every 10 seconds.